 Dungeon Crawl Stone Soup version 0.23-a0-516-g0f8c245 (webtiles) character file.

83 RoseArtemis the Ruffian (level 4, -6/44 HPs)
             Began as a Troll Monk on Dec 5, 2018.
             Was a Believer of Okawaru.
             Mangled by Crazy Yiuf
             ... wielding a +3 quarterstaff of chaos
              (15 damage)
             ... on level 2 of the Dungeon.
             The game lasted 00:03:15 (2023 turns).

RoseArtemis the Ruffian (Troll Monk)                Turns: 2023, Time: 00:03:15

Health: -6/44      AC:  0    Str: 19    XL:     4   Next: 22%
Magic:  2/3        EV: 21    Int:  6    God:    Okawaru [**....]
Gold:   90         SH:  0    Dex: 18    Spells: 3/3 levels left

rFire    . . .     SeeInvis .     - Unarmed
rCold    . . .     Gourm    +   (shield currently unavailable)
rNeg     . . .     Faith    .   (armour currently unavailable)
rPois    .         Spirit   .   (helmet currently unavailable)
rElec    .         Reflect  .   (cloak currently unavailable)
rCorr    .         Harm     .   (gloves unavailable)
MR       .....                  (boots unavailable)
Stlth    ++........             (no amulet)
HPRegen  0.54/turn              (ring currently unavailable)
MPRegen  0.08/turn              (ring currently unavailable)

@: bat-form (expiring), flying, very quick
A: tiny, unfitting armour, fast metabolism 3, gourmand, regeneration 1
a: Heroism, Renounce Religion


You were on level 2 of the Dungeon.
You worshipped Okawaru.
Okawaru was pleased with you.
You were not hungry.
You were in bat-form.
You visited 1 branch of the dungeon, and saw 2 of its levels.

You collected 90 gold pieces.

Inventory:

Armour
 a - a +0 robe (melded)
Wands
 k - a wand of random effects (13)
Scrolls
 d - 4 scrolls of identify {unknown}
 f - 2 scrolls of remove curse {unknown}
 g - a scroll of fear {unknown}
 i - a scroll of teleportation {unknown}
Potions
 c - a potion of heal wounds {unknown}
 e - a potion of berserk rage {unknown}
 h - 3 potions of degeneration {unknown}
 j - a potion of brilliance {unknown}
Comestibles
 b - 10 rations


   Skills:
 + Level 2.9 Fighting
 + Level 1.2 Armour
 + Level 2.8 Dodging
 - Level 1.0 Stealth
 * Level 3.9 Unarmed Combat


You had 3 spell levels left.
You didn't know any spells.
Your spell library was empty.

Dungeon Overview and Level Annotations

Branches:
Dungeon (2/15)

Altars:
Fedhas
Okawaru

Annotations:
D:2 exclusion: oklob plant, Crazy Yiuf


Innate Abilities, Weirdness & Mutations

You are too large for most types of armour.
((You have claws for hands.))
Your metabolism is lightning-fast.
You like to eat raw meat.
Your natural rate of healing is unusually fast.
((You are covered in fur. (AC +1)))
((You have very tough skin. (AC +2)))


Message History

Crazy Yiuf hits you with a +3 quarterstaff of chaos.
You hit Crazy Yiuf but do no damage.
Your transformation is almost over.
Crazy Yiuf closely misses you.
You hit Crazy Yiuf but do no damage.
Crazy Yiuf hits you with a +3 quarterstaff of chaos.
Crazy Yiuf freezes you.
You hit Crazy Yiuf but do no damage.
Crazy Yiuf hits you with a +3 quarterstaff of chaos!
* * * LOW HITPOINT WARNING * * *
Crazy Yiuf freezes you.
* * * LOW HITPOINT WARNING * * *
You hit Crazy Yiuf but do no damage. You hit Crazy Yiuf but do no damage.
Crazy Yiuf sings, "Trees, trees, trees, circus!"
Crazy Yiuf completely misses you.
You hit Crazy Yiuf but do no damage. Crazy Yiuf barely misses you.
You hit Crazy Yiuf but do no damage.
Crazy Yiuf hits you with a +3 quarterstaff of chaos!
You die... #.............# #............[# P ########......####P #........#P# ##### ##########PP #)..# ##P #...# #PP #.g.# #PP

#b# ### ###
#.## #####
#.# ##.#
########....
#.# #.##
#..........#
#####.# ##.#
#..........#
#.....#
##.##
#..........#
#.###.#
##...#
########.###
#.# #.#
#....# #...#
#.#.. #.#
#.# #....#
#...# #.###


You could see Crazy Yiuf.

Vanquished Creatures
  3 adders (D:2)
  An ooze (D:1)
  2 worms (D:2)
  7 bats
  A giant cockroach (D:1)
  5 hobgoblins
  10 kobolds
  A ball python (D:1)
  3 frilled lizards (D:2)
  6 goblins
  8 rats
47 creatures vanquished.

Vanquished Creatures (others)
  9 toadstools (D:2)
9 creatures vanquished.

Grand Total: 56 creatures vanquished

Notes
Turn   | Place    | Note
-------+----------+-------------------------------------------
     0 | D:1      | RoseArtemis the Troll Monk began the quest for the Orb.
     0 | D:1      | Reached XP level 1. HP: 22/22 MP: 0/0
   149 | D:1      | Found an iron altar of Okawaru.
   164 | D:1      | Became a worshipper of Warmaster Okawaru
   164 | D:1      | Reached * piety under Okawaru
   164 | D:1      | Reached ** piety under Okawaru
   169 | D:1      | Reached XP level 2. HP: 28/29 MP: 1/1
   733 | D:1      | Reached XP level 3. HP: 34/36 MP: 2/2
   850 | D:2      | Reached skill level 1 in Armour
  1014 | D:2      | Found a runed door.
  1272 | D:2      | Reached XP level 4. HP: 44/44 MP: 3/3
  1641 | D:2      | Found a blossoming altar of Fedhas.
  1660 | D:2      | Noticed an oklob plant
  2000 | D:2      | Noticed Crazy Yiuf
  2023 | D:2      | Mangled by Crazy Yiuf

Vault maps used:
D:1:      eino_arrival_water_star, dk_noncrumbling_3, okawaru_ov_weapons_minmay
D:2:      first_ration, tgw_fedhas, uniq_crazy_yiuf_cottage

Skill      XL: |  1  2  3 |
---------------+----------+-----
Armour         | 1 |  1.2
Fighting       | |  2.9
Dodging        | |  2.8
Stealth        | |  1.0
Unarmed Combat | |  3.9

Action                   |  1- 3 |  4- 6 || total
-------------------------+-------+-------++-------
Melee: Unarmed           |    89 |    38 ||   127
       Punch             |     1 |       ||     1
Invok: Heroism           |     1 |     2 ||     3
 Stab: Sleeping          |     5 |       ||     5
  Eat: Chunk             |    17 |     2 ||    19
Armor: Robe              |    35 |     7 ||    42
Dodge: Dodged            |    63 |    16 ||    79

Table legend:
 A = Non-vault XP
 B = Vault XP
 C = Vault XP percentage of total XP
 D = Non-vault monster count
 E = Vault monster count
 F = Vault count percentage of total count
                 A         B        C        D         E       F
            +---------+---------+-------+---------+---------+-------
      Total |     119 |       0 |   0.0 |      47 |       0 |   0.0
            +---------+---------+-------+---------+---------+-------
        D:1 |      41 |       0 |   0.0 |      24 |       0 |   0.0
        D:2 |      78 |       0 |   0.0 |      23 |       0 |   0.0
            +---------+---------+-------+---------+---------+-------
